 Dungeon Crawl Stone Soup version 0.31.0-32-g396128a36d (webtiles) character file.

Game seed: 13206818279068559199

1072 Logoto the Cleaver (level 8, -3/68 (70) HPs)
             Began as a Hill Orc Berserker on Apr 2, 2024.
             Was a Priest of Trog.
             Slain by a wight
             ... wielding a +2 scimitar of freezing
              (5 damage)
             ... on level 6 of the Dungeon.
             The game lasted 00:11:34 (5152 turns).

Logoto the Cleaver (Hill Orc Berserker)             Turns: 5152, Time: 00:11:35

HP:   -3/68 (70)    AC:  6    Str: 28    XL:     8   Next: 28%
MP:   8/8           EV: 12    Int: 13    God:    Trog [***...]
Gold: 360           SH:  5    Dex: 12    Spells: 7/7 levels left

rFire   + . .        u - +4 mace
rCold   . . .        (no shield)
rNeg    + . .        j - +0 ring mail
rPois   .            (no helmet)
rElec   .            (no cloak)
rCorr   .            (no gloves)
SInv    .            (no boots)
Will    .....        l - amulet of reflection
Stlth   +            i - +6 ring of strength
HPRegen 0.31/turn    s - ring "Guciale" {rF+ rN+ Int+6 Dex+2}
MPRegen 0.11/turn

%: reflection
@: on fire, about to teleport, on berserk cooldown, glowing, lightly drained
A: no striking features
a: Renounce Religion, Convert to Beogh, Berserk, Trog's Hand


You were on level 6 of the Dungeon.
You worshipped Trog.
Trog was most pleased with you.
You visited 1 branch of the dungeon, and saw 6 of its levels.

You collected 360 gold pieces.

Inventory:

Hand Weapons
 a - a +0 hand axe
 u - a +4 mace (weapon)
Missiles
 c - 17 poisoned darts (quivered)
 k - a throwing net
Armour
 j - a +0 ring mail (worn)
Jewellery
 i - a +6 ring of strength (left hand)
 l - an amulet of reflection (around neck)
 s - the ring "Guciale" (right hand) {rF+ rN+ Int+6 Dex+2}
   (You found it on level 5 of the Dungeon)

   [ring of intelligence]

   Int+6:     It affects your intelligence (+6).
   Dex+2:     It affects your dexterity (+2).
   rF+:       It protects you from fire.
   rN+:       It protects you from negative energy.
Wands
 o - a wand of iceblast (8)
Scrolls
 d - a scroll of revelation {unknown}
 e - a scroll of acquirement {unknown}
 h - a scroll of blinking {unknown}
 m - a scroll of poison
 n - a scroll of teleportation
 p - 2 scrolls of fear {unknown}
 q - a scroll of immolation {unknown}
 r - a scroll of fog {unknown}
 v - a scroll of enchant weapon {unknown}
 w - a scroll of identify
Potions
 b - a potion of lignification
 f - 3 potions of curing
 g - 2 potions of invisibility
 t - a potion of might {unknown}


   Skills:
 * Level 5.9 Fighting
 * Level 8.1(8.2) Axes
 + Level 1.7(4.5) Maces & Flails
 * Level 5.9 Armour
 + Level 2.9 Dodging
 + Level 1.0 Stealth
 + Level 1.9 Shields


You had 7 spell levels left.
You didn't know any spells.
Your spell library was empty.

Dungeon Overview and Level Annotations

Branches:
Dungeon (6/15)             Temple (0/1) D:5

Altars:
Cheibriados
Dithmenos
Fedhas
Makhleb
Okawaru
Ru
Vehumet
Xom
Yredelemnul


Message History

The wight barely misses you. The orc priest misses you.
The orc priest shouts, "Beogh is our master!
Accept the truth or die!"
You hit the orc priest.
The orc priest is almost dead.
The wight completely misses you.
The wight hits you with a +2 scimitar of freezing!
The wight freezes you.
The orc priest calls down the wrath of Beogh upon you.
Pain shoots through your body!
The bombardier beetle sprays incendiary fluid at you.
The burning spray hits you.
You are covered in liquid fire!
The wight hits you with a +2 scimitar of freezing!
You partially resist.
You feel drained. The wight freezes you.
* * * LOW HITPOINT WARNING * * *
The wight misses you.
You shake off some of the fire as you move.
The liquid fire burns you!
* * * LOW HITPOINT WARNING * * *
You feel yourself speed up. The wight attacks as it pursues you!
The wight completely misses you. The wight closely misses you.
You block the orc priest's attack.
Okay, then.
As you read the scroll labelled NEUG XEC HAUTA, it crumbles to dust.
You feel strangely unstable.
It was a scroll of teleportation.
The liquid fire burns you!
* * * LOW HITPOINT WARNING * * *
You block the wight's attack.
The wight hits you with a +1 battleaxe of freezing!
* * * LOW HITPOINT WARNING * * *
You partially resist.
You feel drained. The wight freezes you.
* * * LOW HITPOINT WARNING * * *
The orc priest hits you but does no damage.
The air fills with toxic fumes!
As you read the scroll of poison, it crumbles to dust.
The liquid fire burns you!
* * * LOW HITPOINT WARNING * * *
The wight barely misses you.
The wight hits you with a +2 scimitar of freezing.
You die...

...## §§... ### §§.§.. #..# ###
#§#§#.# #...## #§##§.§§§..
#...## ##§#§#§§§§.. #....#
###§§§B§§§.§.. #
###.).####.#§zz§#§§§§.. #
##.##....##.#§@o§§§§§§..
###.....#..#§§§§§z§#§§§§..
...(.##^.§§§§§§§§§§§§§.§..
...#.....§§§§§§§§§§#§#§#.#.
...##....§§§§§§§§§§##§§...
..##.....§§§§§§§§§§#..§§.. #
.........§§§§§§§§§§#.>.§.# .#
.........§§§§§§§§§#§..##.# ..#.
......................#..##....


You could see a bombardier beetle, 3 wights and an orc priest.

Vanquished Creatures
  A water moccasin (D:6)
  An ogre (D:6)
  A centaur (D:5)
  A phantom (D:6)
  A bullfrog (D:6)
  A scorpion (D:5)
  A bombardier beetle (D:5)
  5 hounds
  A gnoll bouda (D:6)
  2 orc priests
  2 iguanas
  3 sleepcaps
  An orc wizard (D:6)
  3 gnolls (D:6)
  6 adders
  A shadow imp (D:6)
  3 ribbon worms
  3 dart slugs
  10 orcs
  6 ball pythons
  6 endoplasms
  4 giant cockroaches
  7 goblins
  4 hobgoblins
  8 kobolds
  3 quokkas
  5 bats
  3 frilled lizards
  5 rats (D:1)
98 creatures vanquished.

Notes
Turn   | Place    | Note
-------+----------+-------------------------------------------
     0 | D:1      | Logoto the Hill Orc Berserker began the quest for the Orb.
     0 | D:1      | Reached XP level 1. HP: 19/19 MP: 1/1
   119 | D:1      | Reached XP level 2. HP: 27/27 MP: 2/2
   711 | D:1      | Reached ** piety under Trog
   727 | D:1      | Reached XP level 3. HP: 33/33 MP: 3/3
  1148 | D:2      | Reached skill level 5 in Axes
  1245 | D:2      | Reached XP level 4. HP: 26/41 MP: 4/4
  1892 | D:3      | Found a shimmering altar of Xom.
  2282 | D:4      | Found an iron altar of Okawaru.
  2282 | D:4      | Found a radiant altar of Vehumet.
  2282 | D:4      | Found a blossoming altar of Fedhas.
  2285 | D:4      | Found a burning altar of Makhleb.
  2285 | D:4      | Found a sacrificial altar of Ru.
  2286 | D:4      | Found a basalt altar of Yredelemnul.
  2367 | D:4      | Reached XP level 5. HP: 47/47 MP: 5/5
  2535 | D:4      | Reached skill level 6 in Axes
  2854 | D:4      | Reached skill level 1 in Shields
  2854 | D:4      | Reached XP level 6. HP: 53/53 MP: 6/6
  3240 | D:5      | Entered Level 5 of the Dungeon
  3598 | D:5      | Found a snail-covered altar of Cheibriados.
  3636 | D:5      | Reached skill level 5 in Fighting
  3636 | D:5      | Reached skill level 7 in Axes
  3922 | D:5      | Reached XP level 7. HP: 59/61 MP: 7/7
  3935 | D:5      | Identified the ring "Guciale" {rF+ rN+ Int+6 Dex+2}
  4161 | D:5      | Found a staircase to the Ecumenical Temple.
  4285 | D:6      | Reached skill level 5 in Armour
  4409 | D:6      | Reached *** piety under Trog
  4523 | D:6      | Found a shadowy altar of Dithmenos.
  4591 | D:6      | Reached XP level 8. HP: 69/69 MP: 8/8
  4622 | D:6      | Reached skill level 8 in Axes
  4622 | D:6      | Reached skill level 1 in Maces & Flails
  5126 | D:6      | Reached skill level 1 in Stealth
  5151 | D:6      | HP: 3/68 [wight/+1 battleaxe of freezing (2)]
  5152 | D:6      | HP: 1/68 [burnt (2)]
  5152 | D:6      | Slain by a wight

Illustrated notes

Levels and vault maps discovered:
D:1:      lemuel_arrival_hallway, layout_basic
D:2:      layout_basic
D:3:      layout_rooms, mainiacjoe_overflow_small_starburst, serial_bayou_pond_d
D:4:      layout_loops_ring, grunt_temple_overflow_open
D:5:      layout_gridville, mainiacjoe_overflow_boulevard, temple_hall
D:6:      layout_cave_pools, mainiacjoe_overflow_catwalk, st_stairs_4

Skill      XL: |  1  2  3  4  5  6  7  8 |
---------------+-------------------------+-----
Fighting       | 4 5 |  5.9
Axes           | 5 6 7 8 |  8.1
Dodging        | 2 |  2.9
Armour         | 3 4 5 |  5.9
Shields        | 1 |  1.9
Maces & Flails | 1 |  1.7
Stealth        | 1 |  1.0

Action                     |  1- 3 |  4- 6 |  7- 9 || total
---------------------------+-------+-------+-------++-------
  Melee: Hand axe          |    90 |   150 |    20 ||   260
         Punch             |       |     1 |       ||     1
         Mace              |       |       |    53 ||    53
 Invoke: Berserk           |       |     7 |     6 ||    13
    Use: Scroll            |       |     6 |     2 ||     8
 Armour: Animal skin       |     8 |       |       ||     8
         Leather armour    |    18 |       |       ||    18
         Ring mail         |    18 |    77 |    56 ||   151
  Dodge: Dodged            |    50 |    68 |    33 ||   151
  Block: Other             |       |    23 |    16 ||    39
